 Dungeon Crawl Stone Soup version 0.29-a0-234-g0dae59b3db (webtiles) character file.

Game seed: 547507475870998955

56576 dolemite99 the Bludgeoner (level 14, -2/169 HPs)
             Began as a Demonspawn Berserker on Mar 4, 2022.
             Was a Priest of Trog.
             Slain by a manticore (7 damage)
             ... on level 12 of the Dungeon.
             The game lasted 00:36:38 (34694 turns).

dolemite99 the Bludgeoner (Demonspawn Berserker)   Turns: 34694, Time: 00:36:39

Health: -2/169     AC: 24    Str: 21    XL:     14   Next: 42%
Magic:  14/14      EV: 16    Int:  9    God:    Trog [***...]
Gold:   732        SH:  7    Dex: 14    Spells: 13/13 levels left

rFire   . . .      SeeInvis .   b - +1 morningstar (vorpal)
rCold   . . .      Faith    .   O - +0 buckler
rNeg    + . .      Spirit   .   P - +4 plate armour {rN+}
rPois   .          Reflect  .   n - +1 helmet
rElec   .          Harm     .   (no cloak)
rCorr   .          Rampage  .   c - +0 pair of gloves
Will    +....                   p - +1 pair of boots
Stlth   ..........              (no amulet)
HPRegen 0.38/turn               K - +4 ring of evasion
MPRegen 0.14/turn               (no ring)

@: agile, berserking (expiring), slowed, studying Unarmed Combat
A: hooves 2, large bone plates 1, powered by pain 2, demonic magic 2
a: Renounce Religion, Berserk, Trog's Hand


You were on level 12 of the Dungeon.
You worshipped Trog.
Trog was most pleased with you.
You visited 2 branches of the dungeon, and saw 18 of its levels.

You collected 1269 gold pieces.
You spent 537 gold pieces at shops.

Inventory:

Hand Weapons
 a - a +1 whip of electrocution
 b - a +1 vorpal morningstar (weapon)
 d - a +0 short sword of venom
 g - a +3 dagger
 w - a +2 trident of venom
 y - the +9 battleaxe of Amorality {vorpal, rC+ Stlth+}
   (You found it on level 4 of the Lair of Beasts)

   It inflicts extra damage upon your enemies.
   rC:        It protects you from cold.
   Stlth:     It makes you more stealthy.
 A - a +1 dire flail
 C - a +0 hand crossbow
 G - a +0 dagger of venom
 L - a +1 vorpal flail
Missiles
 e - 496 stones
 k - 13 poisoned darts
 u - 4 throwing nets
 D - 4 curare-tipped darts (quivered)
 J - 4 javelins
Armour
 c - a +0 pair of gloves (worn)
 i - a +4 chain mail
 n - a +1 helmet (worn)
 o - a +2 chain mail of cold resistance
 p - a +1 pair of boots (worn)
 O - a +0 buckler (worn)
 P - a +4 plate armour of positive energy (worn)
Jewellery
 K - a +4 ring of evasion (left hand)
 Q - the necklace of Bloodlust {*Rage Will++ Int-3 Slay+6}
   (You found it on level 6 of the Lair of Beasts)

   [amulet of nothing]

   It extends the wearer's berserk rage when killing foes.
   Int:       It affects your intelligence (-3).
   Slay:      It affects your accuracy & damage with ranged weapons and melee
   (+6).
   *Rage:     It berserks you when you make melee attacks (+50% chance).
   Will:      It greatly increases your willpower.
Wands
 h - a wand of polymorph (36)
 t - a wand of digging (3)
 B - a wand of charming (3)
 H - a wand of paralysis (2)
Scrolls
 v - a scroll of enchant weapon
 E - 10 scrolls of teleportation
 I - 3 scrolls of magic mapping
 M - a scroll of silence
 N - 2 scrolls of fog
 R - a scroll of identify {@r1}
Potions
 f - a potion of attraction
 j - 2 potions of curing
 l - a potion of ambrosia
 q - a potion of resistance
 r - 3 potions of flight
 x - 2 potions of cancellation
 z - 2 potions of berserk rage
Miscellaneous
 m - a phantom mirror (inert)


   Skills:
 + Level 11.4 Fighting
 - Level 1.2 Short Blades
 - Level 16.0 Maces & Flails
 - Level 6.0 Crossbows
 - Level 8.0 Throwing
 + Level 8.8 Armour
 - Level 1.7 Dodging
 - Level 6.4 Evocations


You had 13 spell levels left.
You didn't know any spells.
Your spell library contained the following spells:

 Spells                   Type           Power      Damage    Failure   Level
 Animate Skeleton         Necr           0%         N/A       100%        1
 Apportation              Tloc           0%         N/A       100%        1
 Magic Dart               Conj           0%         1d3       100%        1
 Summon Small Mammal      Summ           0%         N/A       100%        1
 Call Imp                 Summ           0%         N/A       100%        2
 Mephitic Cloud           Conj/Pois/Air  0%         N/A       100%        3


Dungeon Overview and Level Annotations

Branches:
Dungeon (12/15)            Temple (0/1) D:5            Lair (6/6) D:8
 Shoals (0/4) Lair:2        Snake (0/4) Lair:4        Slime (0/5) Lair:5
    Orc (0/2) D:12

Altars:
Dithmenos
Elyvilon
Hepliaklqana
Ru
Trog
Uskayaw
Wu Jian
Xom
Yredelemnul
Zin
Jiyva

Shops:
D:4 *   D:10 ?*[(

Portals:
Abyss: Lair:6

Annotations:
D:8 exclusion: door
D:11 2 transporters, ReploidZero's ghost, novice TrGl
Lair:1 1 runed translucent door
Lair:6 2 transporters, exclusion: obsidian statue, Nelass's ghost, journeyman GrEE


Innate Abilities, Weirdness & Mutations

You have hoof-like feet.
You are partially covered in large bone plates. (SH +4)
You sometimes gain power by taking damage.
Spells you cast may paralyse nearby enemies.


Message History

The manticore completely misses you. The wraith hits you!
* * * LOW HITPOINT WARNING * * *
The wraith drains your vigour!
You feel as though you will be slow longer.
You block the wraith's attack.
You hit the wraith.
The wraith is heavily damaged.
The wraith misses you. The manticore closely misses you.
The manticore claws you but does no damage.
The manticore barely misses you. You block the wraith's attack.
You barely miss the wraith.
The wraith is heavily damaged.
You block the wraith's attack. The wraith closely misses you.
The manticore bites you.
* * * LOW HITPOINT WARNING * * *
The manticore claws you but does no damage.
You block the manticore's attack.
You thump the wraith!
The wraith is almost destroyed.
The wraith hits you but does no damage. The wraith barely misses you.
You hit the wraith.
You destroy the wraith!
Trog accepts your kill. The manticore closely misses you.
The manticore barely misses you. The manticore misses you.
The wraith barely misses you. x2
You thump the wraith!
The wraith is severely damaged.
The manticore bites you!
* * * LOW HITPOINT WARNING * * *
The manticore barely misses you.
The manticore claws you but does no damage.
The wraith hits you.
* * * LOW HITPOINT WARNING * * *
You hit the wraith.
The wraith is severely damaged.
The wraith hits you but does no damage. You block the manticore's attack. x3
The wraith closely misses you. The manticore bites you.
* * * LOW HITPOINT WARNING * * *
You block the manticore's attack. The manticore claws you!
You die...

#.# ###.#.#...#..#...# #..#
##.##..#.#..##..##.### #..#
#...##....).##.#.###.# #..#
##..#..#.#>.#..#.##.####..#
#....))###....##.#..##....######
#.#.)))).#.#..#.#...##..........
#...#..###......#.###...........
#.##.#.#.##.#.HW###..#..........
#..###)...###.W@...###..........
##..###.### ##.###.# #..........
###.####### #########......<...
........... .......=........
........... ................
........... ................
........... ................
###..#####. ##########......
#..# .#####


You could see a manticore and 2 wraiths.

Vanquished Creatures
  4 dire elephants (Lair:6)
  Josephine (D:12)
  Harold (D:7)
  Erolcha (D:10)
  7 hydras
  4 two-headed ogres
  10 death yaks
  A spectral anaconda (Lair:6)
  4 necromancers (Lair:6)
  2 cyclopes
  2 manticores (D:12)
  15 elephants (Lair:6)
  2 black mambas
  A gargoyle (D:7)
  A dire elephant skeleton (Lair:6)
  10 cane toads
  Maggie (D:6)
  7 komodo dragons
  4 rime drakes
  A freezing wraith (D:12)
  A polar bear (Lair:6)
  Prince Ribbit (D:6)
  11 dream sheep (Lair:6)
  8 blink frogs
  A shadow (D:10)
  62 yaks
  A spectral elephant (Lair:6)
  3 wraiths
  6 wyverns
  3 basilisks
  A death yak simulacrum (Lair:6)
  4 vampire mosquitoes
  3 nagas (Lair:4)
  14 water moccasins
  Duvessa (D:6)
  6 orc warriors
  2 sky beasts
  6 black bears
  6 ogres
  10 wolves
  10 centaurs
  A phantom (D:5)
  A kobold brigand (D:8)
  Blork the orc (D:4)
  2 necrophages
  3 gnoll sergeants
  8 bullfrogs
  A scorpion (Lair:2)
  6 wights
  Dowan (D:6)
  7 killer bees
  6 electric eels
  2 hounds
  3 orc priests
  2 gnoll shamans
  3 iguanas
  17 orc wizards
  19 gnolls
  5 adders
  2 shadow imps
  3 white imps
  An ufetubus (D:7)
  2 worms (D:3)
  A dart slug (D:3)
  44 orcs
  8 ball pythons
  4 bats
  5 endoplasms
  A giant cockroach (D:3)
  5 goblins
  10 hobgoblins
  4 quokkas
  4 frilled lizards
  13 kobolds
  5 rats
439 creatures vanquished.

Vanquished Creatures (others)
  A kobold demonologist (D:10)
  A troll (D:10)
  A wyvern (D:10)
  A centaur (D:10)
  A wight (D:7)
  A howler monkey (D:10)
  An orc (D:5)
  5 bushes (Lair:6)
  27 fungi
  60 plants
  27 withered plants (Lair:6)
126 creatures vanquished.

Grand Total: 565 creatures vanquished

Notes
Turn   | Place    | Note
-------+----------+-------------------------------------------
     0 | D:1      | dolemite99 the Demonspawn Berserker began the quest for the
                  | Orb.
     0 | D:1      | Reached XP level 1. HP: 18/18 MP: 1/1
   136 | D:1      | Reached skill level 3 in Maces & Flails
   285 | D:1      | Found a faded altar of an unknown god.
   356 | D:1      | Gained mutation: You have large cloven feet. [demonic
                  | ancestry]
   356 | D:1      | Reached XP level 2. HP: 22/24 MP: 2/2
   978 | D:1      | Reached skill level 1 in Short Blades
  1560 | D:2      | Reached XP level 3. HP: 29/29 MP: 3/3
  2418 | D:3      | Reached skill level 4 in Maces & Flails
  2455 | D:3      | Gained mutation: You have hoof-like feet. [demonic
                  | ancestry]
  2455 | D:3      | Reached XP level 4. HP: 15/35 MP: 4/4
  2837 | D:3      | Found a bloodstained altar of Trog.
  3357 | D:3      | Reached ** piety under Trog
  3632 | D:4      | Noticed Blork the orc
  3639 | D:4      | Killed Blork the orc
  3640 | D:4      | Reached skill level 5 in Maces & Flails
  3640 | D:4      | Reached XP level 5. HP: 41/41 MP: 5/5
  3915 | D:4      | Found Ifurit Duata's Assorted Antiques.
  3922 | D:4      | Bought a scroll labelled PUPULU DI VICU for 24 gold pieces
  3922 | D:4      | Bought an orange potion for 21 gold pieces
  3922 | D:4      | Bought a wooden wand for 96 gold pieces
  4062 | D:4      | Noticed an ogre
  4067 | D:4      | Killed an ogre
  4068 | D:4      | Gained mutation: Spells you cast may paralyse adjacent
                  | enemies. [demonic ancestry]
  4068 | D:4      | Reached XP level 6. HP: 32/47 MP: 6/6
  4081 | D:4      | Reached skill level 6 in Maces & Flails
  4853 | D:5      | Entered Level 5 of the Dungeon
  4942 | D:5      | Noticed a sky beast
  4965 | D:5      | Killed a sky beast
  4966 | D:5      | Reached skill level 7 in Maces & Flails
  4966 | D:5      | Reached XP level 7. HP: 45/52 MP: 7/7
  5062 | D:5      | Found a staircase to the Ecumenical Temple.
  5454 | D:5      | Reached skill level 8 in Maces & Flails
  5610 | D:5      | Reached XP level 8. HP: 56/58 MP: 8/8
  5989 | D:6      | Noticed Prince Ribbit
  6021 | D:6      | Reached skill level 9 in Maces & Flails
  6032 | D:6      | Killed Prince Ribbit
  6204 | D:6      | Found a hide-covered altar of Uskayaw.
  6250 | D:6      | Noticed Dowan
  6251 | D:6      | Noticed Duvessa
  6585 | D:5      | Reached skill level 10 in Maces & Flails
  7010 | D:6      | Found an ornate altar of the Wu Jian Council.
  7033 | D:6      | Noticed Maggie
  7046 | D:6      | Killed Maggie
  7047 | D:6      | Reached skill level 11 in Maces & Flails
  7047 | D:6      | Gained mutation: You sometimes gain a little power by
                  | taking damage. [demonic ancestry]
  7047 | D:6      | Reached XP level 9. HP: 53/63 MP: 9/9
  7639 | D:7      | Noticed Harold
  7641 | D:7      | Paralysed by Harold for 2 turns
  7701 | D:6      | Killed Duvessa
  7710 | D:6      | Killed Dowan
  8827 | D:7      | Found a sacrificial altar of Ru.
  8844 | D:7      | Paralysed by a centaur for 3 turns
  9001 | D:7      | You fall into a shaft and drop 1 floor!
  9001 | D:8      | Found a staircase to the Lair.
  9005 | D:8      | Noticed a two-headed ogre
  9139 | D:8      | Reached skill level 5 in Fighting
  9281 | D:8      | Reached XP level 10. HP: 45/76 MP: 10/10
  9377 | D:8      | Killed a two-headed ogre
  9633 | D:7      | Paralysed by Harold for 4 turns
  9634 | D:7      | Noticed a gargoyle
 10188 | D:7      | Killed Harold
 11221 | D:8      | Reached skill level 5 in Evocations
 12283 | D:8      | Found a shadowy altar of Dithmenos.
 12284 | D:8      | Found a basalt altar of Yredelemnul.
 12707 | D:9      | Reached skill level 1 in Crossbows
 13273 | D:9      | Gained mutation: You are partially covered in large bone
                  | plates. (SH +4) [demonic ancestry]
 13273 | D:9      | Reached XP level 11. HP: 69/84 MP: 11/11
 14410 | D:9      | Reached skill level 5 in Crossbows
 14737 | D:10     | Entered Level 10 of the Dungeon
 14743 | D:10     | Found Galulek's Magic Scroll Emporium.
 14750 | D:10     | Bought a scroll of magic mapping for 52 gold pieces
 14750 | D:10     | Bought a scroll of teleportation for 45 gold pieces
 14750 | D:10     | Bought a scroll of teleportation for 45 gold pieces
 14750 | D:10     | Bought a scroll of teleportation for 45 gold pieces
 14750 | D:10     | Bought a scroll of fear for 52 gold pieces
 14750 | D:10     | Bought a scroll of enchant armour for 112 gold pieces
 14750 | D:10     | Bought a scroll of identify for 30 gold pieces
 15300 | D:10     | Noticed a two-headed ogre
 15320 | D:10     | Killed a two-headed ogre
 15450 | D:10     | Reached skill level 5 in Armour
 15467 | D:10     | Found a shimmering altar of Xom.
 15467 | D:10     | Found Hogisoc's Serpentskin Sales.
 15477 | D:10     | Bought 3 poisoned darts for 15 gold pieces
 15522 | D:10     | Noticed a two-headed ogre
 15536 | D:10     | Killed a two-headed ogre
 15629 | D:10     | Noticed Erolcha
 15643 | D:10     | Killed Erolcha
 16214 | D:10     | Reached skill level 5 in Throwing
 16262 | D:10     | Found a hazy altar of Hepliaklqana.
 16409 | D:10     | Found Latuz's Weapon Emporium.
 16418 | D:10     | Found Weasyh's Antique Armour Boutique.
 16842 | D:11     | Noticed a two-headed ogre
 16871 | D:11     | Killed a two-headed ogre
 18057 | D:11     | Noticed a two-headed ogre
 18059 | D:11     | Noticed ReploidZero's ghost (novice TrGl)
 18061 | D:11     | Found a transporter.
 18061 | D:11     | Noticed a centaur warrior
 18077 | D:11     | Found a transporter.
 19080 | Lair:1   | Entered Level 1 of the Lair of Beasts
 19142 | Lair:1   | Reached XP level 12. HP: 44/92 MP: 12/12
 19158 | Lair:1   | Noticed an eight-headed hydra
 19176 | Lair:1   | Killed an eight-headed hydra
 20380 | Lair:1   | Found a runed translucent door.
 21261 | Lair:2   | Noticed a death yak
 21261 | Lair:2   | Noticed a death yak
 21261 | Lair:2   | Noticed a death yak
 21261 | Lair:2   | Noticed a death yak
 21261 | Lair:2   | Noticed a death yak
 21261 | Lair:2   | Noticed a death yak
 21292 | Lair:1   | Killed a death yak
 21312 | Lair:1   | Killed a death yak
 21356 | Lair:1   | Killed a death yak
 21465 | Lair:2   | Found a staircase to the Shoals.
 21966 | Lair:1   | Killed a death yak
 22915 | Lair:2   | Reached *** piety under Trog
 22937 | Lair:1   | Killed a death yak
 22938 | Lair:1   | Reached skill level 12 in Maces & Flails
 22988 | Lair:2   | Killed a death yak
 24283 | Lair:3   | Noticed an eight-headed hydra
 24304 | Lair:3   | Killed an eight-headed hydra
 24753 | Lair:3   | Noticed a four-headed hydra
 24766 | Lair:3   | Killed a four-headed hydra
 24767 | Lair:3   | Gained mutation: Spells you cast may paralyse nearby
                  | enemies. [demonic ancestry]
 24767 | Lair:3   | Reached XP level 13. HP: 88/103 MP: 13/13
 25393 | Lair:4   | Reached skill level 13 in Maces & Flails
 25635 | Lair:4   | Found a staircase to the Snake Pit.
 27096 | Lair:4   | Identified the +9 battleaxe of Amorality {vorpal, rC+
                  | Stlth+}
 27953 | Lair:4   | Reached skill level 14 in Maces & Flails
 28548 | Lair:5   | Found a viscous altar of Jiyva.
 28555 | Lair:5   | Found a staircase to the Slime Pits.
 28735 | Lair:6   | Entered Level 6 of the Lair of Beasts
 29411 | Lair:6   | Reached skill level 15 in Maces & Flails
 29997 | Lair:6   | Found a transporter.
 30206 | Lair:6   | Reached **** piety under Trog
 30471 | Lair:6   | Reached skill level 16 in Maces & Flails
 30471 | Lair:6   | Reached skill level 10 in Fighting
 30542 | Lair:6   | Noticed a bunyip
 30837 | Lair:6   | Found a one-way gate to the infinite horrors of the Abyss.
 30848 | Lair:6   | Found a transporter.
 30852 | Lair:6   | Noticed Nelass's ghost (journeyman GrEE)
 31022 | Lair:6   | Noticed a dire elephant
 31022 | Lair:6   | Noticed a dire elephant
 31022 | Lair:6   | Noticed a dire elephant
 31031 | Lair:6   | Found the necklace of Bloodlust {*Rage Will++ Int-3 Slay+6}
 31035 | Lair:6   | Noticed a dire elephant
 31050 | Lair:6   | Killed a dire elephant
 31051 | Lair:6   | Gained mutation: You sometimes gain power by taking damage.
                  | [demonic ancestry]
 31051 | Lair:6   | Reached XP level 14. HP: 67/110 MP: 14/14
 33615 | Lair:6   | Noticed a quicksilver ooze
 34245 | D:12     | Found a staircase to the Orcish Mines.
 34631 | D:12     | Noticed Josephine
 34642 | D:12     | Killed Josephine
 34694 | D:12     | HP: 5/169 [manticore (4)]
 34694 | D:12     | Slain by a manticore

Illustrated notes

Levels and vault maps discovered:
D:1:      ncdulo_watergridlock, layout_basic, chequers_ecumenical_altar_simple,
          serial_bayou_pond_c, minmay_lizard_pond
D:2:      layout_loops_ring, st_stairs_8
D:3:      layout_rooms, old_standard_altar
D:4:      layout_cave_pods, serial_shops, shop, uniq_blork_the_orc
D:5:      layout_rooms, minmay_temple_entry_proselytizer, hex_intersection,
          nicolae_grassy_gnolls
D:6:      nicolae_cairo_tiling_large_dashed, layout_loops_corners,
          mainiacjoe_overflow_surrounded_room, nicolae_overflow_squiral,
          minmay_manual_mares, uniq_maggie, uniq_prince_ribbit1, uniq_duvessa
D:7:      layout_layer_cave, mainiacjoe_overflow_tiny_flanked, uniq_harold
D:8:      layout_basic, gammafunk_temple_overflow_statue,
          minmay_lair_entry_grove
D:9:      layout_basic
D:10:     layout_basic, nicolae_overflow_crystal_walls, xom_confusion_cloud,
          serial_shops, nicolae_shop_temple_entry_statues_fountains,
          nicolae_shop_crystal, shop, minivault_22, guppyfry_shop_venom,
          uniq_erolcha
D:11:     layout_basic, gammafunk_ghost_arena
D:12:     layout_small_grid, erik_orc_3, ebering_ghost_gozag, uniq_josephine
Lair:1:   gammafunk_indiana_jones, layout_long_grid
Lair:2:   layout_small_grid, elwin_shoals_entry_rocks
Lair:3:   layout_chaotic_city
Lair:4:   layout_layer_cave, guppyfry_snake_entry_garden, serial_bayou,
          serial_bayou_shore_a, serial_bayou_shore_b, serial_bayou_shore_b,
          serial_bayou_pond_b, serial_bayou_shore_b, infiniplex_staircase_pool_2
Lair:5:   layout_cave_shapes, slime_altar_1
Lair:6:   due_jungle_book, layout_loops_ring, basic_altar,
          gammafunk_ghost_abyssal_escape

Skill      XL: |  1  2  3  4  5  6  7  8  9 10 11 12 13 14 |
---------------+-------------------------------------------+-----
Maces & Flails | 3 4 5 7 8 11 12 16 | 16.0
Short Blades   | 1 |  1.2
Armour         | 4 7 8 |  8.8
Fighting       | 5 7 9 10 11 | 11.4
Evocations     | 6 |  6.4
Crossbows      | 3 6 |  6.0
Throwing       | 5 8 |  8.0
Dodging        | |  1.7

Action                   |  1- 3 |  4- 6 |  7- 9 | 10-12 | 13-15 || total
-------------------------+-------+-------+-------+-------+-------++-------
Melee: Mace              |    38 |       |       |       |       ||    38
       Short sword       |    28 |       |       |       |       ||    28
       Kick              |    13 |     7 |       |       |       ||    20
       Whip              |    41 |    70 |   402 |   935 |       ||  1448
       Punch             |       |       |     5 |    15 |     4 ||    24
       Flail             |       |       |       |    28 |       ||    28
       Morningstar       |       |       |       |    41 |   598 ||   639
 Fire: Hand crossbow     |       |       |       |    67 |       ||    67
Throw: Stone             |    37 |    40 |    19 |    40 |    41 ||   177
       Dart              |       |       |    26 |   110 |    26 ||   162
       Boomerang         |       |       |    12 |    15 |       ||    27
       Javelin           |       |       |       |    15 |    56 ||    71
Invok: Berserk           |     6 |     3 |     5 |    17 |     7 ||    38
       Trog's Hand       |       |       |    10 |    12 |     7 ||    29
Evoke: Wand              |       |       |     2 |    26 |    18 ||    46
       Phantom mirror    |       |       |       |       |     1 ||     1
  Use: Scroll            |     1 |     5 |     6 |    13 |     6 ||    31
       Potion            |       |       |     2 |     5 |     5 ||    12
 Stab: Invisible         |       |       |       |       |     6 ||     6
Armor: Animal skin       |    24 |       |       |       |       ||    24
       Ring mail         |    17 |       |       |       |       ||    17
       Chain mail        |       |    30 |   192 |   364 |   183 ||   769
       Plate armour      |       |       |       |       |    95 ||    95
Dodge: Dodged            |    89 |    22 |   122 |   262 |   273 ||   768
Block: Other             |       |       |       |    78 |    45 ||   123
       Buckler           |       |       |       |       |    85 ||    85

Table legend: (Time is in decaauts)
 A = Elapsed time spent in this place.
 B = Non-inter-level travel time spent in this place.
 C = Inter-level travel time spent in this place.
 D = Time resting spent in this place.
 E = Time spent auto-exploring this place.
 F = Levels seen in this place.
 G = Mean time per level.
                   A        B        C        D        E       F      G
               +--------+--------+--------+--------+--------+-----+--------+
         Total |  34293 |  32896 |   1397 |  15747 |  12422 |  18 | 1905.2 |
       Dungeon |  19837 |  19087 |    750 |   8690 |   7498 |  12 | 1653.1 |
          Lair |  14456 |  13810 |    646 |   7057 |   4923 |   6 | 2409.3 |
               +--------+--------+--------+--------+--------+-----+--------+

Top non-repeatable levels by time:
  Lair:6: 3614 daAuts
  Lair:1: 2891 daAuts
     D:7: 2641 daAuts
     D:9: 2463 daAuts
  Lair:5: 2254 daAuts
  Lair:4: 2059 daAuts
  Lair:3: 1982 daAuts
    D:10: 1944 daAuts
     D:6: 1861 daAuts
     D:8: 1822 daAuts
    D:11: 1755 daAuts
  Lair:2: 1653 daAuts
     D:4: 1613 daAuts
     D:1: 1533 daAuts
     D:5: 1363 daAuts
